 Dungeon Crawl Stone Soup version 0.20.0-6-gd3061e9 (webtiles) character file.

383 MDvedh the Cleaver (level 6, -1/37 HPs)
             Began as a Tengu Berserker on May 28, 2017.
             Was a Priest of Trog.
             Slain by a sky beast (2 damage)
             ... on level 6 of the Dungeon.
             The game lasted 00:04:28 (3636 turns).

MDvedh the Cleaver (Tengu Berserker)                Turns: 3636, Time: 00:04:28

Health: -1/37      AC:  3    Str: 19    XL:     6   Next: 76%
Magic:  7/7        EV: 12    Int:  7    God:    Trog [***...]
Gold:   152        SH:  0    Dex: 14    Spells: 5/5 levels left

rFire    . . .     SeeInvis .   a - +0 hand axe
rCold    . . .     Gourm    .   (no shield)
rNeg     . . .     Faith    .   b - +0 animal skin
rPois    .         Spirit   .   l - +0 hat
rElec    .         Reflect  .   o - +0 cloak
rCorr    .         Harm     .   (no gloves)
MR       .....                  (boots unavailable)
Stlth    +.........             (no amulet)
Regen    0.2/turn               (no ring)
MPRegen  0.1/turn               (no ring)

@: no status effects
A: beak, talons 3, able to fly 1
a: Fly, Berserk, Trog's Hand, Burn Spellbooks, Renounce Religion


You were on level 6 of the Dungeon.
You worshipped Trog.
Trog was most pleased with you.
You were hungry.

You visited 1 branch of the dungeon, and saw 6 of its levels.

You collected 152 gold pieces.

Inventory:

Hand Weapons
 a - a +0 hand axe (weapon)
Armour
 b - a +0 animal skin (worn)
 l - a +0 hat (worn)
 o - a +0 cloak (worn)
Wands
 s - a wand of flame (16/48)
Scrolls
 d - 3 scrolls of teleportation {unknown}
 g - 2 scrolls of enchant armour {unknown}
 k - 2 scrolls of amnesia {unknown}
 m - 6 scrolls of identify {unknown}
 p - a scroll of noise {unknown}
 t - a scroll of random uselessness {unknown}
 u - 2 scrolls of remove curse {unknown}
Potions
 e - a potion of brilliance {unknown}
 f - 4 potions of heal wounds
 i - a potion of magic {unknown}
 j - a potion of degeneration {unknown}
 q - a potion of curing {unknown}
Comestibles
 c - 3 bread rations
 h - 2 royal jellies
 n - 2 meat rations
 r - a fruit


   Skills:
 - Level 3.0 Fighting
 + Level 8.1 Axes
 - Level 2.1 Armour
 - Level 2.1 Dodging


You had 5 spell levels left.
You didn't know any spells.

Dungeon Overview and Level Annotations

Branches:
Dungeon (7/15)
 Temple: D:4-7

Altars:
Nemelex Xobeh
Sif Muna


Innate Abilities, Weirdness & Mutations

You have a beak for a mouth.
You have claws for feet.
You can fly.


Message History

The sky beast is almost dead.
The sky beast barely misses you.
Unknown command.
You barely miss the sky beast. Your kick misses the sky beast.
The sky beast is almost dead.
The sky beast closely misses you.
Unknown command.
You barely miss the sky beast. You peck the sky beast.
The sky beast is almost dead.
You are feeling hungry.
The sky beast barely misses you.
Unknown command.
You hit the sky beast but do no damage. Your kick misses the sky beast.
The sky beast is almost dead.
Unknown command.
You hit the sky beast.
You claw the sky beast, but do no damage.
The sky beast is almost dead.
The sky beast hits you.
You die...

###########
##.....#....
####...........
......)........
#.....Y......
#....@.....%.
#.........$..
#..>......$..
.................
#######..........
######.#### .# ##


You could see a sky beast.

Vanquished Creatures
  A phantom (D:4)
  A crimson imp (D:4)
  An orc wizard (D:3)
  2 worker ants (D:4)
  A worker ant zombie (D:4)
  6 adders (D:2)
  An ooze (D:2)
  4 worms
  3 dart slugs
  2 leopard geckos
  17 orcs
  2 ball pythons
  2 giant cockroaches
  3 goblins
  5 hobgoblins
  6 jackals
  A quokka (D:4)
  10 bats
  6 frilled lizards
  10 kobolds
  A quokka skeleton (D:4)
  13 rats
98 creatures vanquished.

Notes
Turn   | Place    | Note
-------+----------+-------------------------------------------
     0 | D:1      | MDvedh the Tengu Berserker began the quest for the Orb.
     0 | D:1      | Reached XP level 1. HP: 14/14 MP: 2/2
   168 | D:1      | Reached XP level 2. HP: 9/19 MP: 3/3
   340 | D:1      | Reached skill level 4 in Axes
   752 | D:2      | Reached XP level 3. HP: 18/23 MP: 4/4
   947 | D:2      | Reached skill level 5 in Axes
   971 | D:2      | Reached ** piety under Trog
  1103 | D:2      | Reached XP level 4. HP: 27/28 MP: 5/5
  1617 | D:2      | Reached skill level 6 in Axes
  1625 | D:2      | Found a sparkling altar of Nemelex Xobeh.
  1739 | D:3      | Gained mutation: You can fly. [Tengu growth]
  1739 | D:3      | Reached XP level 5. HP: 32/32 MP: 6/6
  1879 | D:3      | Reached *** piety under Trog
  2172 | D:3      | Found a deep blue altar of Sif Muna.
  2565 | D:4      | Reached skill level 7 in Axes
  2805 | D:4      | Noticed a phantom
  2821 | D:4      | Killed a phantom
  2821 | D:4      | Reached XP level 6. HP: 29/37 MP: 7/7
  3235 | D:4      | Reached skill level 8 in Axes
  3599 | D:4      | You fall through a shaft for 3 floors!
  3600 | D:7      | Noticed a yak
  3614 | D:6      | Noticed a sky beast
  3630 | D:6      | HP: 1/37 [sky beast (5)]
  3636 | D:6      | Slain by a sky beast

Skill      XL: |  1  2  3  4  5  6 |
---------------+-------------------+-----
Axes           | 4 5 6 7 8 |  8.1
Fighting       | |  3.0
Armour         | |  2.1
Dodging        | |  2.1

Action                   |  1- 3 |  4- 6 || total
-------------------------+-------+-------++-------
Melee: Hand axe          |    68 |   198 ||   266
       Kick              |    14 |    47 ||    61
       Peck              |    10 |    34 ||    44
Invok: Berserk           |     1 |     4 ||     5
  Use: Potion            |     2 |       ||     2
 Stab: Sleeping          |     1 |     1 ||     2
  Eat: Chunk             |     1 |     5 ||     6
       Royal jelly       |       |     1 ||     1
       Meat ration       |       |     1 ||     1
Armor: Animal skin       |    24 |    28 ||    52
Dodge: Dodged            |    42 |   100 ||   142
